 Dungeon Crawl Stone Soup version 0.31-a0-95-g6fa058ef04 (webtiles) character file.

Game seed: 12991585366035838211

91 voltaire321 the Stinger (level 4, 0/32 HPs)
             Began as a Demonspawn Venom Mage on May 25, 2023.
             Frozen to death by an endoplasm (2 damage)
             ... on level 2 of the Dungeon.
             The game lasted 00:03:00 (1361 turns).

voltaire321 the Stinger (Demonspawn Venom Mage)     Turns: 1361, Time: 00:03:01

Health: 0/32       AC: -1    Str: 11    XL:     4   Next: 34%
Magic:  7/7        EV: 12    Int: 16    God:
Gold:   26         SH:  4    Dex: 13    Spells: 4/7 levels left

rFire   . . .        i - +2 short sword (drain)
rCold   . . .        (no shield)
rNeg    . . .        a - +0 robe
rPois   .            (helmet restricted)
rElec   .            (no cloak)
rCorr   .            (no gloves)
SInv    +            (no boots)
Will    .....        (no amulet)
Stlth   ++           g - ring of see invisible
HPRegen 0.25/turn    (no ring)
MPRegen 0.10/turn

%: no passive effects
@: corroded
A: antennae 1, condensation shield
a: no special abilities


You were on level 2 of the Dungeon.
You visited 1 branch of the dungeon, and saw 2 of its levels.

You collected 26 gold pieces.

Inventory:

Hand Weapons
 c - a +0 falchion
 i - a +2 short sword of draining (weapon)
Armour
 a - a +0 robe (worn)
Jewellery
 g - a ring of see invisible (left hand)
Scrolls
 d - a scroll of fear {unknown}
 e - a scroll of noise {unknown}
 h - a scroll of teleportation {unknown}
 k - 2 scrolls of identify {unknown}
 l - a scroll of vulnerability {unknown}
 m - a scroll of enchant armour {unknown}
 n - a scroll of blinking {unknown}
Potions
 b - a potion of magic
 f - a potion of ambrosia {unknown}
 j - a potion of curing {unknown}


   Skills:
 + Level 1.2 Fighting
 + Level 1.2 Armour
 + Level 2.2 Dodging
 - Level 1.7 Stealth
 + Level 2.3 Spellcasting
 + Level 1.6 Transmutations
 + Level 1.0 Air Magic
 + Level 3.3 Poison Magic


You had 4 spell levels left.
You knew the following spells:

 Your Spells              Type           Power      Damage    Failure   Level
a - Sting                 Tmut/Pois      36%        1d4       8%          1
b - Poisonous Vapours     Pois/Air       14%        N/A       14%         2

Your spell library contained the following spells:

 Spells                   Type           Power      Damage    Failure   Level
 Mephitic Cloud           Conj/Pois/Air  5%         N/A       36%         3
 Olgreb's Toxic Radiance  Pois           12%        N/A       45%         4


Dungeon Overview and Level Annotations

Branches:
Dungeon (2/15)

Altars:
Fedhas


Innate Abilities, Weirdness & Mutations

You have a pair of small antennae on your head.
A meltable shield of frost defends you. (SH +4)


Message History

You are frozen.
The endoplasm hits the toadstool.
You puncture the endoplasm!
You kill the endoplasm!
The endoplasm hits the toadstool.
The toadstool is destroyed!
You hit the endoplasm.
The endoplasm is lightly wounded.
You block the endoplasm's attack.
You hit the endoplasm.
You kill the endoplasm!
The endoplasm freezes you.
You are frozen.
The endoplasm hits the fungus.
The fungus begins to die.
You hit the jelly.
Your hands burn!
The jelly is lightly wounded.
The endoplasm hits the fungus.
The jelly hits you but does no damage.
You hit the jelly.
Your hands burn!
The jelly is moderately wounded.
The endoplasm hits the fungus.
The jelly misses you.
You hit the jelly. You drain the jelly.
Your hands burn!
The jelly is severely wounded.
The endoplasm hits the fungus.
The endoplasm barely misses you. The jelly hits you. The acid corrodes you!
You are splashed with acid!
* * * LOW HITPOINT WARNING * * *
You hit the jelly. You drain the jelly.
You kill the jelly!
The endoplasm misses you.
Your Air Magic skill increases to level 1!
You have reached level 4!
You feel stronger.
Okay, then.
You hit the endoplasm but do no damage. You drain the endoplasm.
The endoplasm is moderately wounded.
A nearby fungus withers and dies.
The endoplasm freezes you.
You are frozen.
* * * LOW HITPOINT WARNING * * *
The endoplasm freezes you.
You are frozen.
You die...

#.####.##.......#######
# ###.##.......##)...#
#. #...##.......#####.#
#.##.#######....# #.#
#.....###..'....#
###.##
.....###.########
#....# ####.#
##...)).## #....#
####.##
#######J###.##.#
......#
JP.P.P.P@###.#<#
.....##
JP..÷...J##.##.# ..##.#
.....P...##.##.# .....#
.÷.P.P.P.##....# #.#..#
÷P.P.....##.####
..#..## $÷÷.÷P...##.#
......# ###########.#
.....## #.##### ###.##
#.....#


You could see 2 endoplasms.

Vanquished Creatures
  A jelly (D:2)
  2 adders (D:2)
  10 endoplasms
  4 goblins
  3 hobgoblins (D:1)
  13 kobolds
  2 quokkas (D:1)
  2 bats (D:1)
  A frilled lizard (D:1)
  2 rats (D:1)
40 creatures vanquished.

Notes
Turn   | Place    | Note
-------+----------+-------------------------------------------
     0 | D:1      | voltaire321 the Demonspawn Venom Mage began the quest for
                  | the Orb.
     0 | D:1      | Reached XP level 1. HP: 13/13 MP: 3/3
    46 | D:1      | Reached skill level 1 in Transmutations
   256 | D:1      | Gained mutation: You have a pair of small antennae on your
                  | head. [demonic ancestry]
   256 | D:1      | Reached XP level 2. HP: 16/20 MP: 3/5
   353 | D:1      | Learned a level 2 spell: Poisonous Vapours
   893 | D:2      | Gained mutation: A meltable shield of frost defends you.
                  | (SH +4) [demonic ancestry]
   893 | D:2      | Reached XP level 3. HP: 17/25 MP: 3/6
   897 | D:2      | Reached skill level 1 in Fighting
   897 | D:2      | Reached skill level 1 in Armour
  1089 | D:2      | Found a blossoming altar of Fedhas.
  1361 | D:2      | Reached skill level 1 in Air Magic
  1361 | D:2      | Reached XP level 4. HP: 3/32 MP: 7/7
  1361 | D:2      | Frozen to death by an endoplasm

Illustrated notes

Levels and vault maps discovered:
D:1:      shiori_arrival_oz, layout_loops_ring
D:2:      cheibrodos_fertilizer, layout_loops_cross, basic_altar,
          minmay_tromino_i4

Skill      XL: |  1  2  3 |
---------------+----------+-----
Transmutations | 1 |  1.6
Dodging        | 2 |  2.2
Fighting       | 1 |  1.2
Armour         | 1 |  1.2
Air Magic      | 1 |  1.0
Stealth        | |  1.7
Spellcasting   | |  2.3
Poison Magic   | |  3.3

Action                     |  1- 3 |  4- 6 || total
---------------------------+-------+-------++-------
  Melee: Falchion          |    18 |       ||    18
         Unarmed           |     2 |       ||     2
         Short sword       |    37 |     1 ||    38
   Cast: Sting             |    27 |       ||    27
   Stab: Sleeping          |     6 |       ||     6
 Armour: Robe              |    14 |       ||    14
  Dodge: Dodged            |    35 |       ||    35
  Block: Other             |     4 |       ||     4

Table legend: (Time is in decaauts)
 A = Elapsed time spent in this place.
 B = Non-inter-level travel time spent in this place.
 C = Inter-level travel time spent in this place.
 D = Time resting spent in this place.
 E = Time spent auto-exploring this place.
 F = Levels seen in this place.
 G = Mean time per level.
                   A        B        C        D        E       F      G
               +--------+--------+--------+--------+--------+-----+--------+
         Total |   1364 |   1346 |     18 |    304 |    762 |   2 |  682.0 |
       Dungeon |   1364 |   1346 |     18 |    304 |    762 |   2 |  682.0 |
               +--------+--------+--------+--------+--------+-----+--------+

Top non-repeatable levels by time:
     D:1: 884 daAuts
     D:2: 479 daAuts
